 Dungeon Crawl Stone Soup version 0.19-a0-1457-g32fba05 (webtiles) character file.

4223 Leszczynek the Devout (level 10, -11/79 HPs)
             Began as a Hill Orc Wanderer on Sept 7, 2016.
             Was a Priest of Zin.
             Mangled by a spiny frog (14 damage)
             ... on level 1 of the Lair of Beasts.
             The game lasted 00:20:00 (7526 turns).

Leszczynek the Devout (Hill Orc Wanderer)           Turns: 7526, Time: 00:20:01

Health: -11/79     AC: 17    Str: 17 (18) XL:     10   Next: 30%
Magic:  19/19      EV: 10    Int: 20 (21) God:    Zin [***...]
Gold:   356        SH:  0    Dex:  8 (10) Spells: 0 memorised, 9 levels left

rFire  . . .     SeeInvis .     a - +5 great sword of the Wilderness {slice, -Tele MR++ Int+3 Stlth+}
rCold  . . .     Gourm    .     t - +0 plate armour
rNeg   . . .     Faith    .     (shield currently unavailable)
rPois  +         Spirit   .     A - +2 helmet
rElec  .         Dismiss  .     j - +0 cloak
rCorr  .         Reflect  .     (no gloves)
MR     ++...     Harm     .     (no boots)
Stlth  .......... NoTele   +    (no amulet)
                                I - +3 ring of evasion
                                y - ring of poison resistance

@: brilliant, very slightly contaminated, invisible
A: repulsion field 1, blurry vision 2, frail 1, high mp 1, shaggy fur 1, wild
magic 1
a: Recite, Vitalisation, Imprison, Donate Gold, Renounce Religion


You were on level 1 of the Lair of Beasts.
You worshipped Zin.
Zin was most pleased with you.
You were not hungry.

You visited 3 branches of the dungeon, and saw 11 of its levels.

You collected 395 gold pieces.
You donated 39 gold pieces to Zin.

Inventory:

Hand Weapons
 a - the +5 great sword of the Wilderness (weapon) {slice, -Tele MR++ Int+3 Stlth+}
   (You found it on level 4 of the Dungeon)

   It inflicts extra damage upon your enemies.
   It affects your intelligence (+3).
   It affects your resistance to hostile enchantments.
   It prevents most forms of teleportation.
   It makes you more stealthy.
 b - a +1 dagger of electrocution
Missiles
 g - 11 tomahawks
 l - a steel tomahawk (quivered)
Armour
 c - a +0 ring mail
 j - a +0 cloak (worn)
 t - a +0 plate armour (worn)
 A - a +2 helmet (worn)
Jewellery
 y - a ring of poison resistance (left hand)
 G - a +3 ring of strength
 I - a +3 ring of evasion (right hand)
Wands
 d - a wand of paralysis (6/24)
Scrolls
 e - 5 scrolls of teleportation
 h - 2 scrolls of fear {unknown}
 k - a scroll of amnesia {unknown}
 p - 3 scrolls of enchant weapon {unknown}
 z - 4 scrolls of blinking {unknown}
 B - a scroll of magic mapping {unknown}
 C - 2 scrolls of enchant armour {unknown}
 F - 2 scrolls of remove curse {unknown}
 H - a scroll of identify
Potions
 i - a potion of might {unknown}
 m - a potion of brilliance
 o - 3 potions of flight
 q - a potion of heal wounds {unknown}
 r - a potion of degeneration
 s - a potion of lignification {unknown}
 u - 3 potions of curing
 w - a potion of cure mutation {unknown}
 E - 2 potions of invisibility
Comestibles
 f - 3 bread rations
 x - a beef jerky
 D - a meat ration


   Skills:
 - Level 8.3 Fighting
 + Level 9.6 Long Blades
   Level 1.3 Maces & Flails
 - Level 5.2 Armour
 - Level 1.5 Dodging
 - Level 1.5 Stealth
   Level 3.1 Shields
 - Level 2.1 Unarmed Combat
 - Level 10.0 Invocations


You had 9 spell levels left.
You didn't know any spells.

Dungeon Overview and Level Annotations

Branches:
Dungeon (9/15)             Temple (1/1) D:6            Lair (1/6) D:9
    Orc: D:9-12

Altars:
Ashenzari
Cheibriados
Dithmenos
Elyvilon
Fedhas
Gozag
Hepliaklqana
Kikubaaqudgha
Makhleb
Nemelex Xobeh
Okawaru
Qazlal
Ru
Sif Muna
Trog
Uskayaw
Vehumet
Xom
Yredelemnul
Zin

Annotations:
D:2 Jessica, Natasha, Terence
D:3 exclusion: door, Grinder
D:4 edmund w antimagic dire flail, exclusions: slave and 5 more exclusions, Edmund, Pikel
D:5 exclusion: ice beast
D:7 orc warrior (halberd)
D:9 skel warrior (venom halberd) camping stairs!
Lair:1 exclusion: oklob plant


Innate Abilities, Weirdness & Mutations

You are surrounded by a mild repulsion field. (EV +2)
Scrolls take you longer to read.
You are frail. (-10% HP)
You have an increased reservoir of magic. (+10% MP)
You are covered in fur. (AC +1)
Your spells are a little harder to cast, but a little more powerful.


Message History

You feel better. The spiny frog stings you!
* * * LOW HITPOINT WARNING * * *
The spiny frog stings you but does no damage.
It was a potion of degeneration.
There was something very wrong with that liquid.
You feel weakened.
You feel dopey.
You feel clumsy.
The spiny frog stings you but does no damage.
It was a potion of brilliance.
You feel clever all of a sudden.
The spiny frog stings you but does no damage.
It was a potion of invisibility.
You fade into invisibility!
The spiny frog closely misses you.
You are very lightly contaminated with residual magic.
The spiny frog stings you!
* * * LOW HITPOINT WARNING * * *
The spiny frog stings you!
You die...

# ♣≈≈♣♣.F ♣...#.. #.
♣♣≈.♣ .♣..... .
#.♣♣≈≈.♣♣♣H..#PP..
...≈≈.............
#..†...######P. .
#####.....## ...
.........## #...
.........#########..##+#
....<.........HF@.......
##..P########.#######.##
#..P.# ### ##PP## #!=
#P[ ###


You could see a hippogriff and a spiny frog.

Vanquished Creatures
  A two-headed ogre (D:9)
  2 wyverns (D:8)
  A yak (D:8)
  A hungry ghost (D:7)
  A hippogriff (D:7)
  A water moccasin (Lair:1)
  2 orc warriors
  3 sky beasts
  4 ice beasts (D:8)
  3 black bears
  A necrophage (D:8)
  A wolf (D:8)
  4 ogres
  5 giant frogs
  4 scorpions
  4 crimson imps
  A wasp zombie (D:6)
  A giant frog zombie (D:9)
  A jelly (D:8)
  2 orc priests
  3 hounds
  3 orc wizards
  3 quasits
  2 giant frog skeletons (D:8)
  A centaur skeleton (D:4)
  2 iguanas
  4 worker ants
  A centaur simulacrum (D:8)
  A worker ant zombie (D:8)
  Robin (D:4)
  5 gnolls
  2 howler monkey skeletons
  6 adders
  A shadow imp (D:8)
  A white imp (D:8)
  A worker ant simulacrum (D:8)
  2 ufetubi (D:8)
  An ooze (D:1)
  A worm (D:3)
  3 dart slugs
  An adder simulacrum (D:8)
  6 giant geckos
  12 orcs
  4 giant cockroaches
  18 goblins
  6 hobgoblins
  17 jackals
  6 kobolds
  4 quokkas
  6 bats
  7 giant newts
  A jackal skeleton (D:4)
  A jackal zombie (D:9)
  4 rats (D:1)
180 creatures vanquished.

Vanquished Creatures (others)
  A quokka (D:4)
1 creature vanquished.

Grand Total: 181 creatures vanquished

Notes
Turn   | Place    | Note
-------+----------+-------------------------------------------
     0 | D:1      | Leszczynek the Hill Orc Wanderer began the quest for the Orb.
     0 | D:1      | Leszczynek set off with: a +2 mace, 2 potions of curing, a +0 robe, a +0 dagger, a bread ration
     0 | D:1      | Reached XP level 1. HP: 18/18 MP: 1/1
     0 | D:1      | hill orcs are fucking horrible
    55 | D:1      | Reached skill level 3 in Fighting
   213 | D:1      | Reached XP level 2. HP: 26/26 MP: 2/2
   398 | D:1      | Reached skill level 4 in Fighting
   452 | D:1      | Reached XP level 3. HP: 33/33 MP: 3/3
   989 | D:2      | Noticed Natasha
  1148 | D:2      | Reached skill level 1 in Shields
  1151 | D:2      | Noticed Terence
  1157 | D:3      | Reached XP level 4. HP: 29/41 MP: 4/4
  1377 | D:3      | Reached skill level 2 in Shields
  1480 | D:2      | Noticed Jessica
  1665 | D:3      | Noticed Grinder
  2151 | D:3      | Found a deep blue altar of Sif Muna.
  2502 | D:4      | Noticed Pikel
  2502 | D:4      | Noticed a slave
  2534 | D:4      | Reached skill level 3 in Shields
  2600 | D:4      | Noticed Edmund
  2646 | D:4      | Noticed Robin
  2661 | D:4      | Killed Robin
  2679 | D:4      | Reached XP level 5. HP: 33/47 MP: 5/5
  2802 | D:4      | Got an ancient great sword
  2810 | D:4      | Identified the +5 great sword of the Wilderness {slice, -Tele MR++ Int+3 Stlth+} (You found it on level 4 of the Dungeon)
  2835 | D:4      | Reached skill level 5 in Fighting
  2843 | D:4      | Found a white marble altar of Elyvilon.
  2984 | D:4      | Noticed an ogre
  3030 | D:4      | Killed an ogre
  3030 | D:4      | Reached skill level 2 in Long Blades
  3030 | D:4      | Reached XP level 6. HP: 51/56 MP: 6/6
  3039 | D:4      | Reached skill level 3 in Long Blades
  3299 | D:5      | Entered Level 5 of the Dungeon
  3308 | D:5      | Noticed an ice beast
  3328 | D:5      | Reached skill level 4 in Long Blades
  3394 | D:5      | Reached skill level 5 in Long Blades
  3394 | D:5      | Reached XP level 7. HP: 57/61 MP: 7/7
  3596 | D:5      | Gained mutation: Your spells are a little harder to cast, but a little more powerful. [potion of mutation]
  3596 | D:5      | Gained mutation: Your flesh is heat resistant. (rF+) [potion of mutation]
  3596 | D:5      | Gained mutation: Scrolls take you a little longer to read. [potion of mutation]
  3597 | D:5      | Gained mutation: You are covered in fur. (AC +1) [potion of mutation]
  3597 | D:5      | Gained mutation: You are frail. (-10% HP) [potion of mutation]
  3597 | D:5      | Gained mutation: You are surrounded by a mild repulsion field. (EV +2) [potion of mutation]
  3598 | D:5      | Gained mutation: You have an increased reservoir of magic. (+10% MP) [potion of mutation]
  3598 | D:5      | Gained mutation: Scrolls take you longer to read. [potion of mutation]
  3598 | D:5      | Lost mutation: Your flesh is heat resistant. (rF+) [potion of mutation]
  3658 | D:5      | Reached skill level 6 in Long Blades
  4235 | D:6      | Reached skill level 7 in Long Blades
  4347 | D:6      | Found a staircase to the Ecumenical Temple.
  4350 | D:6      | Reached XP level 8. HP: 62/62 MP: 8/8
  4360 | Temple   | Entered the Ecumenical Temple
  4445 | Temple   | Became a worshipper of Zin the Law-Giver
  4445 | Temple   | Reached * piety under Zin
  4590 | D:6      | Reached skill level 1 in Invocations
  4615 | D:6      | Reached skill level 8 in Long Blades
  4901 | D:7      | Reached skill level 2 in Invocations
  4908 | D:7      | Reached ** piety under Zin
  4978 | D:7      | Reached skill level 3 in Invocations
  5031 | D:7      | Reached skill level 4 in Invocations
  5053 | D:7      | Reached skill level 9 in Long Blades
  5107 | D:7      | Reached skill level 5 in Invocations
  5358 | D:6      | Reached XP level 9. HP: 56/66 MP: 14/14
  5438 | D:6      | Reached skill level 6 in Invocations
  5462 | D:7      | Found a basalt altar of Yredelemnul.
  5694 | D:7      | Reached skill level 7 in Invocations
  6030 | D:8      | Found a snail-covered altar of Cheibriados.
  6079 | D:8      | Reached skill level 6 in Fighting
  6079 | D:8      | Reached skill level 8 in Invocations
  6233 | D:8      | Reached *** piety under Zin
  6258 | D:8      | Reached skill level 9 in Invocations
  6483 | D:8      | Reached skill level 10 in Invocations
  6539 | D:8      | Reached skill level 2 in Armour
  6797 | D:8      | Reached skill level 3 in Armour
  6826 | D:8      | Reached skill level 7 in Fighting
  6826 | D:8      | Reached XP level 10. HP: 75/77 MP: 19/19
  6832 | D:8      | Reached skill level 4 in Armour
  6980 | D:8      | Found a shimmering altar of Xom.
  6982 | D:8      | Found a basalt altar of Yredelemnul.
  7258 | D:9      | Reached skill level 8 in Fighting
  7258 | D:9      | Reached skill level 5 in Armour
  7366 | D:9      | Noticed a skeletal warrior
  7367 | D:9      | really
  7481 | D:9      | Found a staircase to the Lair.
  7483 | D:9      | Noticed a skeletal warrior
  7484 | D:9      | are you shitting me
  7489 | Lair:1   | Entered Level 1 of the Lair of Beasts
  7489 | Lair:1   | Noticed an oklob plant
  7490 | Lair:1   | wew lad
  7506 | Lair:1   | Noticed a spiny frog
  7522 | Lair:1   | HP: 2/79 [spiny frog (9)]
  7526 | Lair:1   | Mangled by a spiny frog

Vault maps used:
D:1:      dpeg_arrival_rooms_with_view
D:2:      uniq_terence, uniq_natasha, uniq_jessica
D:3:      led_sif_book, first_bread, uniq_grinder
D:4:      elyvilon_altar_4, uniq_robin, uniq_pikel, uniq_edmund
D:5:      minivault_11
D:6:      minmay_misc_feat_four_crosses
D:7:      basic_altar, kennysheep_generic_room_13
D:8:      marbit_many_paths, minitemple, serial_ice, serial_ice_f, serial_ice_k,
          serial_ice_m, serial_ice_b, serial_ice_o, serial_ice_d
D:9:      minmay_klotski, lair_0_dummy, orc_0_dummy, the_bakery
Temple:   eino_temple_rhombus
Lair:1:   minmay_lair_oklob_chamber, serial_forest,
          infiniplex_forest_straight_3, infiniplex_forest_straight_1,
          infiniplex_forest_corner_1, infiniplex_forest_lined_3,
          infiniplex_forest_lined_2, infiniplex_forest_clump_small,
          guppyfry_lair_drakes, uniq_grum

Skill      XL: |  1  2  3  4  5  6  7  8  9 10 |
---------------+-------------------------------+-----
Fighting       | 3 4 5 7 8 |  8.3
Shields        | 1 3 |  3.1
Long Blades    | 2 5 7 9 |  9.6
Invocations    | 5 10 | 10.0
Armour         | 3 5 |  5.2
Maces & Flails | |  1.3
Dodging        | |  1.5
Stealth        | |  1.5
Unarmed Combat | |  2.1

Action                   |  1- 3 |  4- 6 |  7- 9 | 10-12 || total
-------------------------+-------+-------+-------+-------++-------
Melee: Mace              |   128 |    87 |       |       ||   215
       Punch             |     1 |       |       |       ||     1
       Great sword       |       |    61 |   255 |    36 ||   352
Throw: Tomahawk          |     1 |       |       |       ||     1
Invok: Recite            |       |       |     4 |     6 ||    10
       Imprison          |       |       |       |     1 ||     1
Evoke: Wand              |       |     4 |       |       ||     4
  Use: Potion            |       |     1 |     3 |     4 ||     8
       Scroll            |       |       |     3 |     1 ||     4
 Stab: Sleeping          |     2 |     4 |    13 |       ||    19
       Paralysed         |       |     9 |       |       ||     9
       Invisible         |       |       |     1 |       ||     1
  Eat: Chunk             |     1 |     7 |    14 |     1 ||    23
       Pizza             |       |       |       |     1 ||     1
Armor: Robe              |    25 |    10 |       |       ||    35
       Ring mail         |       |    29 |    32 |       ||    61
       Leather armour    |       |     5 |       |       ||     5
       Plate armour      |       |       |   119 |    11 ||   130
Dodge: Dodged            |   111 |    81 |   109 |    15 ||   316
Block: Buckler           |       |     8 |       |       ||     8
